 Seeded DCSS version 0.29-a0-575-g0dc89cf053 (webtiles) character file.

Game seed: 31415926535 (custom seed)

11 donath the Sneak (level 2, -8/24 HPs)
             Began as a Demonspawn Delver on June 12, 2022.
             Mangled by a worm (9 damage)
             ... on level 4 of the Dungeon.
             The game lasted 00:06:41 (546 turns).

donath the Sneak (Demonspawn Delver)                 Turns: 546, Time: 00:06:42

Health: -8/24      AC:  3    Str: 12    XL:     2   Next: 17%
Magic:  2/2        EV: 13    Int: 11    God:
Gold:   4          SH:  0    Dex: 14    Spells: 1/1 levels left

rFire   . . .      SeeInvis .   l - +0 whip
rCold   . . .      Faith    .   (no shield)
rNeg    . . .      Spirit   .   b - +0 leather armour
rPois   .          Reflect  .   (no helmet)
rElec   .          Harm     .   (no cloak)
rCorr   .          Rampage  .   (no gloves)
Will    .....                   (no boots)
Stlth   +++.......              (no amulet)
HPRegen 0.08/turn               (no ring)
MPRegen 0.08/turn               (no ring)

@: no status effects
A: repulsion field 1
a: no special abilities


You were on level 4 of the Dungeon.
You visited 1 branch of the dungeon, and saw 2 of its levels.

You collected 4 gold pieces.

Inventory:

Hand Weapons
 a - a +0 hand axe
 k - a +0 rapier
 l - a +0 whip (weapon)
Armour
 b - a +0 leather armour (worn)
Wands
 g - a wand of digging (3)
 i - a wand of paralysis (13)
Scrolls
 c - a scroll of fog
 d - a scroll of magic mapping
 e - a scroll of fear
 h - 2 scrolls of teleportation {unknown}
Potions
 f - a potion of haste
 j - a potion of mutation {unknown}


   Skills:
 - Level 3.0 Fighting
 * Level 2.4 Axes
 + Level 1.8 Dodging
 - Level 4.6 Stealth


You had one spell level left.
You didn't know any spells.
Your spell library contained the following spells:

 Spells                   Type           Power      Damage    Failure   Level
 Magic Dart               Conj           0%         1d3       41%         1
 Call Imp                 Summ           0%         N/A       56%         2
 Mephitic Cloud           Conj/Pois/Air  0%         N/A       80%         3


Dungeon Overview and Level Annotations

Branches:
Dungeon (5/15)
 Temple: D:4-7

Altars:
Nemelex Xobeh


Innate Abilities, Weirdness & Mutations

You are surrounded by a mild repulsion field. (EV +2)


Message History

You barely miss the worm. The worm bites you.
You hit the worm.
The worm is moderately wounded.
The worm barely misses you.
You hit the worm but do no damage.
The worm is moderately wounded.
You hit the worm.
The worm is heavily wounded.
The worm barely misses you.
The worm looks more healthy.
Throw: 2 darts (poison)
Press: ? - help, Q - select action, (/) - cycle Shift-Dir - straight line, f/p - worm
Aim: a worm (heavily wounded, 78% to hit)
You throw a poisoned dart.
The poisoned dart barely misses the worm.
Throw: dart (poison)
Press: ? - help, Q - select action, (/) - cycle Shift-Dir - straight line, f/p - worm
Aim: a worm (moderately wounded, 78% to hit)
You throw a poisoned dart. The poisoned dart hits the worm.
The worm is poisoned.
The worm is moderately wounded.
You hit the worm.
The worm is heavily wounded.
The worm bites you.
The worm looks more healthy.
You hit the worm but do no damage.
The worm is severely wounded.
You hit the worm but do no damage.
The worm is severely wounded.
The worm bites you!
* * * LOW HITPOINT WARNING * * *
You barely miss the worm.
The worm is heavily wounded.
The worm barely misses you.
You hit the worm but do no damage.
The worm is heavily wounded.
You completely miss the worm.
The worm is heavily wounded.
The worm bites you!
You die...

**** *,,, ######### *,,,
##.......#******,,,
##.@.##**,,,,,,,,,**
***#####.!w..#####******,*
#.,...........)..# *,*
#.######..(..###.# *,* #.#
##...## *,* *,* #.#
#####.#####,********* #.#
#.........#,,,,,,,,,** #.#
##.###.###?#**********,
#####.###...##.# *,**** *,


You could see a worm.

Vanquished Creatures
  4 endoplasms (D:4)
  A goblin (D:4)
  2 quokkas (D:4)
  2 ball pythons (D:4)
9 creatures vanquished.

Vanquished Creatures (others)
  13 fungi (D:4)
13 creatures vanquished.

Grand Total: 22 creatures vanquished

Notes
Turn   | Place    | Note
-------+----------+-------------------------------------------
     0 | D:5      | donath the Demonspawn Delver began the quest for the Orb.
     0 | D:5      | Reached XP level 1. HP: 18/18 MP: 1/1
   220 | D:4      | Noticed a water moccasin
   337 | D:4      | Noticed an orc priest
   420 | D:4      | Gained mutation: You are surrounded by a mild repulsion
                  | field. (EV +2) [demonic ancestry]
   420 | D:4      | Reached XP level 2. HP: 12/24 MP: 2/2
   459 | D:4      | Found a sparkling altar of Nemelex Xobeh.
   543 | D:4      | HP: 1/24 [worm (8)]
   546 | D:4      | Mangled by a worm

Illustrated notes

Levels and vault maps discovered:
D:4:      layout_loops_ring, mainiacjoe_overflow_cross_hatched,
          chequers_ossuary_entry_cave, lightli_corner_chamber
D:5:      minmay_angry_zag, layout_basic, xom_teletrap_fun, okawaru_trees_2

Skill      XL: |  1 |
---------------+----+-----
Axes           | 2 |  2.4
Fighting       | |  3.0
Dodging        | |  1.8
Stealth        | |  4.6

Action                   || total
-------------------------++-------
Melee: Hand axe          ||    18
       Whip              ||    19
Throw: Dart              ||    10
  Use: Scroll            ||     1
 Stab: Sleeping          ||     1
Armor: Leather armour    ||     4
Dodge: Dodged            ||    13

Table legend: (Time is in decaauts)
 A = Elapsed time spent in this place.
 B = Non-inter-level travel time spent in this place.
 C = Inter-level travel time spent in this place.
 D = Time resting spent in this place.
 E = Time spent auto-exploring this place.
 F = Levels seen in this place.
 G = Mean time per level.
                   A        B        C        D        E       F      G
               +--------+--------+--------+--------+--------+-----+--------+
         Total |    550 |    550 |      0 |      0 |      0 |   2 |  275.0 |
       Dungeon |    550 |    550 |      0 |      0 |      0 |   2 |  275.0 |
               +--------+--------+--------+--------+--------+-----+--------+

Top non-repeatable levels by time:
     D:4: 442 daAuts
     D:5: 108 daAuts
